 Dungeon Crawl Stone Soup version 0.30.0-30-g96aa6591b8 (webtiles) character file.

Game seed: 13412163672525065621

51 croobank the Sneak (level 3, -29/22 HPs)
             Began as an Octopode Fire Elementalist on June 26, 2023.
             Killed by an exploding gnoll (33 damage)
             ... ignited by their inner flame
             ... on level 3 of the Dungeon.
             The game lasted 00:05:27 (1970 turns).

croobank the Sneak (Octopode Fire Elementalist)     Turns: 1970, Time: 00:05:28

Health: -29/22     AC:  1    Str:  7    XL:     3   Next: 83%
Magic:  6/6        EV: 13    Int: 19    God:
Gold:   114        SH:  0    Dex: 12    Spells: 3/6 levels left

rFire   . . .        c - +2 short sword (venom)
rCold   . . .        (no shield)
rNeg    . . .        (helmet restricted)
rPois   .            (no amulet)
rElec   .            (no ring)
rCorr   .            (no ring)
SInv    .            (no ring)
Will    .....        (no ring)
Stlth   +++          (no ring)
HPRegen 0.23/turn    (no ring)
MPRegen 0.10/turn    (no ring)
                     (no ring)

%: no passive effects
@: no status effects
A: almost no armour, amphibious, 8 rings, camouflage 1, gelatinous body 1,
(nimble swimmer 1), tentacles
a: no special abilities


You were on level 3 of the Dungeon.
You visited 1 branch of the dungeon, and saw 3 of its levels.

You collected 114 gold pieces.

Inventory:

Hand Weapons
 c - a +2 short sword of venom (weapon)
 f - a +2 hand axe of electrocution
Jewellery
 e - a ring of ice
Scrolls
 b - a scroll of immolation
 d - a scroll of summoning {unknown}
 h - 2 scrolls of identify {unknown}
 j - a scroll of torment {unknown}
 k - a scroll of poison {unknown}
 l - 3 scrolls of teleportation {unknown}
 m - a scroll of vulnerability {unknown}
 n - a scroll of magic mapping {unknown}
Potions
 a - a potion of magic
 g - 2 potions of berserk rage {unknown}
 i - a potion of haste {unknown}
 o - a potion of flight {unknown}
 p - a potion of curing {unknown}


   Skills:
 + Level 0.7 Fighting
 + Level 2.3 Dodging
 + Level 3.4 Stealth
 + Level 2.4 Spellcasting
 + Level 1.7 Conjurations
 + Level 3.3 Fire Magic


You had 3 spell levels left.
You knew the following spells:

 Your Spells              Type           Power      Damage    Failure   Level
a - Foxfire               Conj/Fire      44%        2x1d6     6%          1
b - Scorch                Fire           28%        2d6       6%          2

Your spell library contained the following spells:

 Spells                   Type           Power      Damage    Failure   Level
 Sting                    Tmut/Pois      8%         1d3       16%         1
 Poisonous Vapours        Pois/Air       4%         N/A       24%         2
 Inner Flame              Hex/Fire       8%         N/A       24%         3
 Volatile Blastmotes      Fire/Tloc      16%        2d11      24%         3
 Flame Wave               Conj/Fire      11%        2d6       50%         4
 Olgreb's Toxic Radiance  Pois           2%         N/A       85%         4


Dungeon Overview and Level Annotations

Branches:
Dungeon (3/15)

Altars:
Sif Muna


Innate Abilities, Weirdness & Mutations

You cannot wear most types of armour.
You are amphibious.
You can wear up to eight rings at the same time.
Your skin changes colour to match your surroundings (Stealth+).
Your rubbery body absorbs attacks. (AC +1, EV +1)
((You are camouflaged when in or above water. (Stealth+)))
You have tentacles for arms and can constrict up to eight enemies at once.


Message History

The rat bites you.
You hit the rat.
You kill the rat!
No target in view!
You now have 114 gold pieces (gained 12).
Found a plate armour.
You see here a +0 plate armour.
You see here a +0 plate armour.
Done exploring.
Done exploring.
Done exploring.
(D) Dungeon
Where to? (Enter - D:2, ? - help)
There is a stone staircase leading down here.
You climb downwards.
Found a ring mail.
There is a stone staircase leading up here.
There are monsters nearby!
The helpless frilled lizard fails to defend itself.
You puncture the frilled lizard!
You kill the frilled lizard!
The helpless gnoll fails to defend itself.
You puncture the gnoll!
The gnoll is poisoned.
You grab the gnoll.
The gnoll is severely wounded.
You constrict the gnoll, but do no damage.
The gnoll hits you with a +0 flail!
The gnoll shouts!
You release your grip on the gnoll.
The gnoll attacks as you move away! The gnoll hits you with a +0 spear!
* * * LOW HITPOINT WARNING * * *
The gnoll barely misses you.
There is a stone staircase leading up here.
As you read the scroll labelled OJUGOBU XAIKIS, it crumbles to dust.
The creatures around you are filled with an inner flame!
It was a scroll of immolation.
Flame seeps out of the gnoll.
The gnoll is engulfed in blazing flames.
The gnoll explodes!
The fiery explosion engulfs you!!
Ouch! That really hurt!
You die...

.# .#
##.##
....##
##.....##
##.......#
#.§g......
+§○§g.....
#§@g...l..
##.......#
##.....##
#...##
#+##


You could see 3 gnolls and a frilled lizard (inner flame).

Vanquished Creatures
  A gnoll (D:3)
  2 adders (D:2)
  2 dart slugs
  2 endoplasms (D:1)
  A giant cockroach (D:2)
  2 goblins (D:1)
  3 hobgoblins
  3 kobolds
  3 quokkas
  A ball python (D:2)
  6 bats
  2 frilled lizards
  3 rats
31 creatures vanquished.

Vanquished Creatures (others)
  61 foxfires
61 creatures vanquished.

Grand Total: 92 creatures vanquished

Notes
Turn   | Place    | Note
-------+----------+-------------------------------------------
     0 | D:1      | croobank the Octopode Fire Elementalist began the quest for
                  | the Orb.
     0 | D:1      | Reached XP level 1. HP: 11/11 MP: 3/3
   271 | D:1      | Reached XP level 2. HP: 17/17 MP: 5/5
   274 | D:1      | Learned a level 2 spell: Scorch
  1056 | D:2      | Reached XP level 3. HP: 22/22 MP: 2/6
  1512 | D:2      | Found a shimmering blue altar of Sif Muna.
  1970 | D:3      | Killed by an exploding gnoll... ignited by their inner
                  | flame

Illustrated notes

Levels and vault maps discovered:
D:1:      dpeg_arrival_three_bigger_balls, layout_basic,
          corexii_leaking_fountain
D:2:      layout_basic, basic_altar, minmay_tetromino_i4
D:3:      layout_loops_corners, gammafunk_ghost_icy,
          dreamdust_ecumenical_altar_drowned_temple, grunt_ministairs_15,
          uniq_sigmund, uniq_terence

Skill      XL: |  1  2 |
---------------+-------+-----
Stealth        | 3 |  3.4
Fighting       | |  0.7
Dodging        | |  2.3
Spellcasting   | |  2.4
Conjurations   | |  1.7
Fire Magic     | |  3.3

Action                     || total
---------------------------++-------
  Melee: Unarmed           ||     6
         Constrict         ||     7
         Short sword       ||    12
         Tentacles         ||     1
   Cast: Foxfire           ||    32
         Scorch            ||     9
    Use: Scroll            ||     1
   Stab: Sleeping          ||     5
  Dodge: Dodged            ||    14
